 Seeded DCSS version 0.28.0-53-g5a82cb258f (webtiles) character file.

Game seed: 12646791263056600687 (custom seed)

168 purpskrrrp the Sneak (level 5, 0/33 HPs)
             Began as a Gargoyle Delver on July 25, 2022.
             Slain by a necrophage (4 damage)
             ... on level 3 of the Dungeon.
             The game lasted 00:06:10 (615 turns).

purpskrrrp the Sneak (Gargoyle Delver)               Turns: 615, Time: 00:06:11

Health: 0/33       AC:  7    Str: 16    XL:     5   Next: 49%
Magic:  5/5        EV: 16    Int: 10    God:
Gold:   20         SH:  0    Dex: 13    Spells: 4/4 levels left

rFire   . . .      SeeInvis .   h - +2 quick blade
rCold   . . .      Faith    .   (no shield)
rNeg    + . .      Spirit   .   b - +0 leather armour
rPois   ∞          Reflect  .   (no helmet)
rElec   +          Harm     .   (no cloak)
rCorr   .          Rampage  .   (no gloves)
Will    .....                   (no boots)
Stlth   +++.......              (no amulet)
HPRegen 0.11/turn               i - +4 ring of evasion
MPRegen 0.09/turn               (no ring)

@: no status effects
A: sickness immunity, AC +4, negative energy resistance 1, electricity
resistance, torment resistance 1, petrification resistance
a: no special abilities


You were on level 3 of the Dungeon.
You visited 1 branch of the dungeon, and saw 4 of its levels.

You collected 20 gold pieces.

Inventory:

Hand Weapons
 a - a +0 mace
 h - a +2 quick blade (weapon)
Armour
 b - a +0 leather armour (worn)
Jewellery
 i - a +4 ring of evasion (left hand)
Wands
 g - a wand of digging (3)
Scrolls
 c - a scroll of fog
 d - a scroll of magic mapping
 k - a scroll of blinking
Potions
 f - a potion of flight {unknown}
 j - a potion of might {unknown}


   Skills:
 + Level 3.7 Fighting
 * Level 0.5 Short Blades
 + Level 2.5 Maces & Flails
 * Level 2.1 Armour
 + Level 1.9 Dodging
 * Level 7.0 Stealth


You had 4 spell levels left.
You didn't know any spells.
Your spell library was empty.

Dungeon Overview and Level Annotations

Branches:
Dungeon (6/15)
 Temple: D:4-7

Altars:


Innate Abilities, Weirdness & Mutations

You are immune to sickness and miasma.
Your stone body is resilient. (AC +4)
You are immune to poison.
You resist negative energy. (rN+)
You are resistant to electric shocks. (rElec)
You are resistant to unholy torment.
You are immune to petrification.


Message History

The adder barely misses you. The necrophage hits you.
* * * LOW HITPOINT WARNING * * *
You barely miss the necrophage. The adder closely misses you.
The necrophage hits you but does no damage.
You hit the necrophage.
The necrophage is lightly damaged.
The adder misses you.
You hit the necrophage.
The necrophage is moderately damaged.
The necrophage hits you but does no damage.
The adder barely misses you.
You hit the necrophage but do no damage.
The necrophage is moderately damaged.
The necrophage barely misses you. The adder misses you.
You hit the necrophage.
The necrophage is heavily damaged.
The adder barely misses you.
You hit the necrophage.
The necrophage is heavily damaged.
The necrophage closely misses you.
You hit the necrophage but do no damage.
The necrophage is heavily damaged.
The adder barely misses you. The necrophage misses you.
You hit the necrophage.
The necrophage is severely damaged.
The adder misses you.
You hit the necrophage.
The necrophage is severely damaged.
The necrophage hits you but does no damage.
The adder bites you but does no damage.
You hit the necrophage but do no damage.
The necrophage is severely damaged.
The adder misses you. The necrophage barely misses you.
You barely miss the necrophage.
The necrophage is severely damaged.
The adder barely misses you.
You hit the necrophage.
The necrophage is severely damaged.
The necrophage hits you.
You die...

#.##.##.#
#....n..# ..
####.#### <..
##.#.## #...
#.###.####....
##.#.##.......
##..##.$≈$.#
##n#.S≈_$.#
#.#@.≈≈≈.#
#.n......#
#.#####..# #.#
## #.. #.# #.!
###


You could see a necrophage and an adder.

Vanquished Creatures
  An ogre (D:4)
  A howler monkey (D:4)
  A hound skeleton (D:4)
  2 adders
  An adder skeleton (D:4)
  A worm (D:4)
  An orc (D:4)
  A giant cockroach (D:4)
  A ball python (D:4)
  3 goblins (D:4)
13 creatures vanquished.

Notes
Turn   | Place    | Note
-------+----------+-------------------------------------------
     0 | D:5      | purpskrrrp the Gargoyle Delver began the quest for the Orb.
     0 | D:5      | Reached XP level 1. HP: 14/14 MP: 1/1
    21 | D:6      | Noticed a jelly
    68 | D:4      | Noticed a howler monkey
    81 | D:4      | Killed a howler monkey
    82 | D:4      | Reached skill level 6 in Stealth
    82 | D:4      | Reached XP level 2. HP: 11/19 MP: 2/2
    82 | D:4      | Reached XP level 3. HP: 13/23 MP: 3/3
   103 | D:3      | Reached skill level 1 in Armour
   217 | D:3      | Noticed a necrophage
   321 | D:4      | Noticed a black bear
   332 | D:4      | Reached XP level 4. HP: 23/28 MP: 4/4
   339 | D:4      | Identified a scroll of acquirement
   339 | D:4      | Acquired a +2 quick blade
   443 | D:4      | Noticed an ogre
   463 | D:4      | Killed an ogre
   464 | D:4      | Reached skill level 7 in Stealth
   464 | D:4      | Reached XP level 5. HP: 6/33 MP: 5/5
   527 | D:4      | Noticed a water moccasin
   597 | D:3      | Found a faded altar of an unknown god.
   615 | D:3      | Slain by a necrophage

Illustrated notes

Levels and vault maps discovered:
D:3:      layout_loops_cross, nicolae_uskayaw_en_pointe,
          hellmonk_ecumenical_altar_pennies_from_heaven,
          nicolae_concentric_dashed_squares_mild, hangedman_decor_growths,
          minmay_fountain_box, uniq_jessica
D:4:      layout_cave_pools, pf_just_have_faith, minmay_misc_feat_encased
D:5:      layout_basic, minmay_temple_entry_stoned_glass, serial_shops,
          nicolae_shop_waterfront
D:6:      minmay_spotlight, layout_cave_pools, grunt_ministairs_3,
          uniq_crazy_yiuf_cottage

Skill      XL: |  1  2  3  4 |
---------------+-------------+-----
Stealth        | 6 7 |  7.0
Armour         | 1 2 |  2.1
Fighting       | |  3.7
Short Blades   | |  0.5
Maces & Flails | |  2.5
Dodging        | |  1.9

Action                   |  1- 3 |  4- 6 || total
-------------------------+-------+-------++-------
Melee: Mace              |    46 |       ||    46
       Quick blade       |       |    68 ||    68
  Use: Potion            |     1 |       ||     1
       Scroll            |       |     4 ||     4
Armor: Leather armour    |     7 |    14 ||    21
Dodge: Dodged            |    34 |    40 ||    74
